 Dungeon Crawl Stone Soup version 0.28-a0-616-gdeb3d7f7b4 (webtiles) character file.

Game seed: 17107418340138670770

386 KristoblXynda the Slasher (level 6, -1/52 HPs)
             Began as a Draconian Gladiator on Oct 6, 2021.
             Was an Initiate of Okawaru.
             Slain by a scorpion (5 damage)
             ... on level 4 of the Dungeon.
             The game lasted 00:04:16 (4141 turns).

KristoblXynda the Slasher (Draconian Gladiator)     Turns: 4141, Time: 00:04:16

Health: -1/52      AC:  8    Str: 16    XL:     6   Next: 48%
Magic:  6/6        EV: 13    Int: 11    God:    Okawaru [......]
Gold:   116        SH:  0    Dex: 12    Spells: 5/5 levels left

rFire   . . .      SeeInvis .   a - +0 long sword
rCold   . . .      Faith    .   (no shield)
rNeg    . . .      Spirit   .   (armour unavailable)
rPois   +          Reflect  .   b - +1 hat
rElec   .          Harm     .   (no cloak)
rCorr   .          Rampage  .   j - +0 pair of gloves
Will    .....                   (no boots)
Stlth   +.........              (no amulet)
HPRegen 0.17/turn               k - ring of poison resistance
MPRegen 0.10/turn               (no ring)

@: no status effects
A: AC +6, unfitting armour, cold-blooded
a: Renounce Religion


You were on level 4 of the Dungeon.
You worshipped Okawaru.
Okawaru was noncommittal.
You visited 1 branch of the dungeon, and saw 4 of its levels.

You collected 116 gold pieces.

Inventory:

Hand Weapons
 a - a +0 long sword (weapon)
Missiles
 c - 2 throwing nets (quivered)
Armour
 b - a +1 hat (worn)
 j - a +0 pair of gloves (worn)
Jewellery
 d - a ring of magical power
 k - a ring of poison resistance (left hand)
Scrolls
 g - a scroll of enchant armour
 h - a scroll of teleportation {unknown}
 m - a scroll of amnesia


   Skills:
 + Level 4.2 Fighting
 * Level 5.5 Long Blades
 - Level 2.0 Throwing
 + Level 4.0 Dodging


You had 5 spell levels left.
You didn't know any spells.
Your spell library contained the following spells:

 Spells                   Type           Power      Damage    Failure   Level
 Blink                    Tloc           N/A        N/A       47%         2
 Manifold Assault         Tloc           0%         N/A       100%        5
 Storm Form               Tmut/Air       0%         N/A       100%        7


Dungeon Overview and Level Annotations

Branches:
Dungeon (4/15)
 Temple: D:4-7

Altars:
Nemelex Xobeh
Okawaru
Vehumet
Xom
The Shining One

Annotations:
D:3 2 transporters


Innate Abilities, Weirdness & Mutations

Your plain brown scales are hard. (AC +6)
You cannot fit into any form of body armour.
You are cold-blooded and may be slowed by cold attacks.


Message History

The scorpion stings you.
You closely miss the scorpion. The scorpion barely misses you.
The orc wizard casts a spell.
The orc wizard flickers and vanishes!
Deactivating autopickup; reactivate with Ctrl-A.
The orc barely misses you. The scorpion misses you.
You barely miss the scorpion. The orc misses you. The scorpion stings you.
You hit the scorpion but do no damage. The scorpion stings you.
The orc barely misses you. The scorpion closely misses you.
You hit the scorpion.
The scorpion is lightly wounded.
The orc hits you but does no damage. The orc hits you with a +0 flail!
The scorpion closely misses you. The orc misses you.
Unknown command.
You slash the orc!
You kill the orc!
Okawaru accepts your kill. The orc hits you with a +0 flail.
The scorpion stings you but does no damage.
The orc hits you with a +0 club. The orc hits you with a +0 flail.
Unknown command.
Things that are here:
a +0 flail; an orc corpse The scorpion stings you but does no damage.
You aren't carrying any potions.
You slash the scorpion!
The scorpion is heavily wounded.
The scorpion stings you.
* * * LOW HITPOINT WARNING * * *
You closely miss the scorpion.
The scorpion is heavily wounded.
The scorpion stings you.
* * * LOW HITPOINT WARNING * * *
The scorpion stings you!
* * * LOW HITPOINT WARNING * * *
Unknown command.
As you read the scroll labelled MOUWOM SINLE, it crumbles to dust.
You hear a loud clanging noise!
It was a scroll of noise.
The scorpion stings you.
You die...

############# #...........#
#...........# #...........#
#######...........รท
#.@..(......_....#.
#s######...........
#########.# #........)#[
...![...)o# #.......).).
#####...o#######.......)...
#..............#.#...###.
#...=...#######......## #.
#.......# ###.##.# #.
#.......# #.##.# #.


You could see a scorpion and 2 orcs.

Vanquished Creatures
  Duvessa (D:4)
  A kobold brigand (D:4)
  Dowan (D:4)
  An orc wizard (D:3)
  3 adders
  6 worms
  3 dart slugs
  9 orcs
  5 ball pythons
  5 bats
  An endoplasm (D:3)
  2 giant cockroaches
  5 goblins
  3 hobgoblins
  2 jackals (D:2)
  6 quokkas
  4 frilled lizards
  10 kobolds
  11 rats
79 creatures vanquished.

Vanquished Creatures (others)
  5 dream sheep (D:4)
  15 plants (D:4)
20 creatures vanquished.

Grand Total: 99 creatures vanquished

Notes
Turn   | Place    | Note
-------+----------+-------------------------------------------
     0 | D:1      | KristoblXynda the Draconian Gladiator began the quest for
                  | the Orb.
     0 | D:1      | Reached XP level 1. HP: 17/17 MP: 1/1
   279 | D:1      | Reached XP level 2. HP: 25/25 MP: 2/2
  1068 | D:1      | Reached XP level 3. HP: 30/30 MP: 3/3
  1785 | D:2      | Found a glowing golden altar of the Shining One.
  1900 | D:2      | Reached XP level 4. HP: 38/38 MP: 4/4
  2067 | D:2      | Reached skill level 4 in Long Blades
  2380 | D:3      | Found an iron altar of Okawaru.
  2410 | D:3      | Became a worshipper of Warmaster Okawaru
  2450 | D:3      | Found a transporter.
  2504 | D:3      | Noticed an orc warrior
  2515 | D:3      | Noticed a necrophage
  2517 | D:3      | Found a radiant altar of Vehumet.
  2542 | D:3      | Found a transporter.
  2692 | D:3      | Found a faded altar of an unknown god.
  2932 | D:3      | Reached XP level 5. HP: 28/45 MP: 5/5
  3488 | D:4      | Found a sparkling altar of Nemelex Xobeh.
  3520 | D:4      | Noticed Duvessa
  3520 | D:4      | Noticed Dowan
  3546 | D:4      | Killed Duvessa
  3547 | D:4      | Reached skill level 5 in Long Blades
  3574 | D:4      | Killed Dowan
  3575 | D:4      | Reached XP level 6. HP: 14/52 MP: 6/6
  3956 | D:4      | Noticed a dream sheep
  3956 | D:4      | Noticed a dream sheep
  3956 | D:4      | Noticed a dream sheep
  3956 | D:4      | Noticed a dream sheep
  3956 | D:4      | Noticed a dream sheep
  3956 | D:4      | Found a shimmering altar of Xom.
  3960 | D:4      | Killed a dream sheep
  3960 | D:4      | Killed a dream sheep
  3962 | D:4      | Killed a dream sheep
  3962 | D:4      | Killed a dream sheep
  3962 | D:4      | Killed a dream sheep
  4141 | D:4      | Slain by a scorpion

Illustrated notes

Levels and vault maps discovered:
D:1:      dpeg_arrival_simpleton_a, layout_loops_corners
D:2:      layout_loops_cross, basic_altar, eino_tiny_chamber
D:3:      layout_loops_ring, gammafunk_temple_overflow_arena, lemuel_tele_altar,
          ebering_ecumenical_altar_webs, kennysheep_generic_room_3
D:4:      layout_loops_ring, kb_xom_exploding_sheep, general_overflow_altar,
          minmay_temple_entry_statues_pillars, lexackson_kobold_supper,
          uniq_crazy_yiuf_cottage, uniq_ijyb, uniq_duvessa

Skill      XL: |  1  2  3  4  5  6 |
---------------+-------------------+-----
Throwing       | 2 |  2.0
Dodging        | 3 4 |  4.0
Fighting       | 3 4 |  4.2
Long Blades    | 4 5 |  5.5

Action                   |  1- 3 |  4- 6 || total
-------------------------+-------+-------++-------
Melee: Long sword        |   139 |   142 ||   281
       Tailslap          |    11 |    21 ||    32
Throw: Throwing net      |       |     3 ||     3
  Use: Scroll            |       |     6 ||     6
       Potion            |       |     2 ||     2
 Stab: Held in net/web   |       |     1 ||     1
Armor: Skin              |    64 |    36 ||   100
Dodge: Dodged            |   120 |    69 ||   189

Table legend: (Time is in decaauts)
 A = Elapsed time spent in this place.
 B = Non-inter-level travel time spent in this place.
 C = Inter-level travel time spent in this place.
 D = Time resting spent in this place.
 E = Time spent auto-exploring this place.
 F = Levels seen in this place.
 G = Mean time per level.
                   A        B        C        D        E       F      G
               +--------+--------+--------+--------+--------+-----+--------+
         Total |   4178 |   4158 |     20 |    774 |   2694 |   4 | 1044.5 |
       Dungeon |   4178 |   4158 |     20 |    774 |   2694 |   4 | 1044.5 |
               +--------+--------+--------+--------+--------+-----+--------+

Top non-repeatable levels by time:
     D:1: 1278 daAuts
     D:3: 1115 daAuts
     D:2: 1021 daAuts
     D:4: 763 daAuts
